 Dungeon Crawl Stone Soup version 0.29.1-1-gd02db69 (webtiles) character file.

Game seed: 18031710488570378283

7 bonegar the Sneak (level 2, 0/22 HPs)
             Began as a Naga Enchanter on Mar 15, 2023.
             Slain by an endoplasm (2 damage)
             ... on level 1 of the Dungeon.
             The game lasted 00:01:53 (424 turns).

bonegar the Sneak (Naga Enchanter)                   Turns: 424, Time: 00:01:53

Health: 0/22       AC:  1    Str: 10    XL:     2   Next: 4%
Magic:  5/5        EV:  9    Int: 15    God:
Gold:   18         SH:  0    Dex: 11    Spells: 5/5 levels left

rFire   . . .      SeeInvis +   a - +1 dagger
rCold   . . .      Faith    .   (no shield)
rNeg    . . .      Spirit   .   b - +0 robe
rPois   +          Reflect  .   (no helmet)
rElec   .          Harm     .   (no cloak)
rCorr   .          Rampage  .   (no gloves)
Will    .....                   (no barding)
Stlth   +++.......              (no amulet)
HPRegen 0.07/turn               (no ring)
MPRegen 0.09/turn               (no ring)

@: invisible, very slow
A: AC +0, large, see invisible, deformed body, poison resistance, slowness 2,
spit poison 1, naga tail 1
a: Spit Poison


You were on level 1 of the Dungeon.
You visited 1 branch of the dungeon, and saw 1 of its levels.

You collected 18 gold pieces.

Inventory:

Hand Weapons
 a - a +1 dagger (weapon)
 f - a +0 falchion
Armour
 b - a +0 robe (worn)
Scrolls
 d - a scroll of identify {unknown}
 e - a scroll of poison {unknown}
Potions
 c - a potion of invisibility


   Skills:
 + Level 0.2 Fighting
 + Level 1.0 Short Blades
 + Level 1.5 Dodging
 + Level 4.9 Stealth
 + Level 2.1 Spellcasting
 + Level 3.1 Hexes


You had 5 spell levels left.
You didn't know any spells.
Your spell library contained the following spells:

 Spells                   Type           Power      Damage    Failure   Level
 Ensorcelled Hibernation  Hex/Ice        12%        N/A       19%         2
 Confusing Touch          Hex            10%        N/A       19%         3
 Tukima's Dance           Hex            10%        N/A       19%         3
 Dazzling Flash           Conj/Hex       12%        N/A       34%         3


Dungeon Overview and Level Annotations

Branches:
Dungeon (1/15)

Altars:


Innate Abilities, Weirdness & Mutations

Your serpentine skin is tough. (AC +0)
You have supernaturally acute eyesight. (SInv)
Armour fits poorly on your strangely shaped body.
Your system is resistant to poisons. (rPois)
You cover ground very slowly.
You can spit poison.
You have a snake-like lower body.


Message History

The endoplasm quivers.
You see here 12 gold pieces.
A ball python comes into view.
The endoplasm hits you. The endoplasm closely misses you.
Found 13 gold pieces.
The endoplasm hits you.
You see here a +0 falchion.
f - a +0 falchion The endoplasm freezes you.
You are frozen.
The endoplasm freezes you.
You are frozen.
The ball python bites you but does no damage.
The endoplasm jiggles.
The endoplasm freezes you.
You are frozen.
The ball python bites you but does no damage.
You completely miss the ball python. The ball python misses you.
The endoplasm freezes you.
You are frozen.
* * * LOW HITPOINT WARNING * * *
You fade into invisibility!
The ball python bites you.
* * * LOW HITPOINT WARNING * * *
The endoplasm hits you.
* * * LOW HITPOINT WARNING * * *
You hit the endoplasm.
The endoplasm is heavily wounded.
The ball python bites you.
* * * LOW HITPOINT WARNING * * *
The endoplasm completely misses you.
You hit the endoplasm.
The endoplasm is almost dead.
The ball python barely misses you. The endoplasm closely misses you.
The ball python barely misses you.
You barely miss the ball python.
The endoplasm hits you but does no damage.
You completely miss the endoplasm.
The endoplasm is almost dead.
The endoplasm hits you.
You die...

...........##.....#
#...#....#...##)....# #
#...........###.....#
#.#.....##....# #.....#
#.......##....# #.....#
#.$...........#######.#
......#....#$..# ..
#.............# ...
#..S..@J......# ...
#........#.....#
#........#####....
#........# ####
########## ##### #.†..
###....


You could see an endoplasm and a ball python (wandering, unable to see you).

Vanquished Creatures
  2 ball pythons (D:1)
  A bat (D:1)
  A goblin (D:1)
  A frilled lizard (D:1)
  A kobold (D:1)
  2 rats (D:1)
8 creatures vanquished.

Notes
Turn   | Place    | Note
-------+----------+-------------------------------------------
     0 | D:1      | bonegar the Naga Enchanter began the quest for the Orb.
     0 | D:1      | Reached XP level 1. HP: 15/15 MP: 3/3
   398 | D:1      | Reached XP level 2. HP: 22/22 MP: 5/5
   421 | D:1      | HP: 1/22 [ball python (1)]
   424 | D:1      | Slain by an endoplasm

Illustrated notes

Levels and vault maps discovered:
D:1:      eino_arrival_cavern_c, layout_basic, skrybe_limestone_x,
          minmay_misc_feat_tower

Action                   || total
-------------------------++-------
Melee: Dagger            ||    21
  Use: Potion            ||     1
 Stab: Sleeping          ||     3
Armor: Robe              ||     4
Dodge: Dodged            ||    12
